 Dungeon Crawl Stone Soup version 0.21.1-1-g345015f (webtiles) character file.

3544 ximkin the Grappler (level 9, -4/80 HPs)
             Began as a Troll Monk on Feb 23, 2018.
             Was an Elder of Wu Jian.
             Slain by a wolf (9 damage)
             ... on level 1 of the Lair of Beasts.
             The game lasted 00:29:25 (5970 turns).

ximkin the Grappler (Troll Monk)                    Turns: 5970, Time: 00:29:27

Health: -4/80      AC:  5    Str: 21    XL:     9   Next: 83%
Magic:  8/8        EV: 14    Int:  6    God:    Wu Jian [****..]
Gold:   297        SH:  0    Dex: 15    Spells: 7/8 levels left

rFire    . . .     SeeInvis +     - Unarmed
rCold    . . .     Gourm    +   (no shield)
rNeg     . . .     Faith    +   a - +0 robe
rPois    .         Spirit   .   (helmet restricted)
rElec    .         Reflect  .   (no cloak)
rCorr    .         Harm     .   (gloves unavailable)
MR       +....                  (boots unavailable)
Stlth    ++........             v - amulet of faith
HPRegen  0.63/turn              y - ring of protection from magic
MPRegen  0.11/turn              q - ring of see invisible

@: no status effects
A: large, unfitting armour, claws 3, fast metabolism 3, gourmand, regeneration
1, shaggy fur 1, tough skin 2
a: Wall Jump, Serpent's Lash, Renounce Religion


You were on level 1 of the Lair of Beasts.
You worshipped Wu Jian.
Wu Jian was greatly pleased with you.
You were full.

You visited 3 branches of the dungeon, and saw 10 of its levels.

You collected 297 gold pieces.

Inventory:

Missiles
 t - 6 tomahawks of dispersal (quivered)
Armour
 a - a +0 robe (worn)
Jewellery
 l - an uncursed ring of positive energy
 m - an uncursed ring of positive energy
 q - a ring of see invisible (right claw)
 v - an amulet of faith (around neck)
 w - an uncursed ring of protection from fire {unknown}
 y - a ring of protection from magic (left claw)
Wands
 r - a wand of enslavement (23)
 s - a wand of scattershot (4)
 z - a wand of digging (8)
 B - a wand of paralysis (19)
Scrolls
 c - 2 scrolls of identify
 d - 4 scrolls of teleportation
 i - 2 scrolls of enchant weapon
 n - a scroll of magic mapping
 o - 3 scrolls of remove curse
 A - a scroll of amnesia
Potions
 e - 2 potions of agility
 f - 2 potions of invisibility {unknown}
 g - 2 potions of brilliance
 h - 2 potions of magic {unknown}
 j - 3 potions of haste
 k - 2 potions of degeneration {unknown}
 p - a potion of curing {unknown}
 u - a potion of mutation {unknown}
Books
 x - a book of Flames

   Spells                             Type                      Level
   a - Flame Tongue                   Conjuration/Fire             1
   b - Throw Flame                    Conjuration/Fire             2
   c - Conjure Flame                  Conjuration/Fire             3
   d - Inner Flame                    Hexes/Fire                   3
   e - Sticky Flame                   Conjuration/Fire             4
   f - Fireball                       Conjuration/Fire             5
Comestibles
 b - 19 rations


   Skills:
 - Level 2.4 Fighting
 * Level 6.8 Dodging
 + Level 3.5 Stealth
 - Level 10.7 Unarmed Combat
 + Level 0.6 Conjurations
 + Level 1.1 Fire Magic


You had 7 spell levels left.
You knew the following spells:

 Your Spells              Type           Power        Failure   Level  Hunger
a - Flame Tongue          Conj/Fire      #....        34%         1    ##.....


Dungeon Overview and Level Annotations

Branches:
Dungeon (8/15)             Temple (1/1) D:5            Lair (1/6) D:8

Altars:
Ashenzari
Cheibriados
Dithmenos
Elyvilon
Fedhas
Gozag
Hepliaklqana
Kikubaaqudgha
Makhleb
Nemelex Xobeh
Okawaru
Qazlal
Ru
Sif Muna
Trog
Uskayaw
Vehumet
Wu Jian
Xom
Yredelemnul
Zin
The Shining One


Innate Abilities, Weirdness & Mutations

You are too large for most types of armour.
You have claws for hands.
Your metabolism is lightning-fast.
You like to eat raw meat.
Your natural rate of healing is unusually fast.
You are covered in fur. (AC +1)
You have very tough skin. (AC +2)


Message History

The wolf closely misses you. The wolf bites you! The wolf bites you.
* * * LOW HITPOINT WARNING * * *
You spin and attack the wolf.
You mangle the wolf!!
You kill the wolf!
The Council accepts your kill. The wolf bites you!
* * * LOW HITPOINT WARNING * * *
The wolf misses you.
You open the door. The wolf completely misses you. The wolf bites you.
* * * LOW HITPOINT WARNING * * *
The wolf barely misses you. The wolf closely misses you.
There is an open door here.
You scratch the plant.
The plant is lightly damaged.
The wolf stops to sniff the ground.
The wolf barely misses you. The wolf bites you!
* * * LOW HITPOINT WARNING * * *
The wolf completely misses you. The wolf bites you!
You die...

......... ............
........ . ..........
........ .##.........
#....####.##........
#....##...##.......#
#).........#.......# .
#....#....##........ ..
#....##...##........
...#....##..h@.....(..#
.......<##..h#P.......#
........######P.†.....#
.###....###..##........
.......................
.......................
.......................
#P.....................
##.....####.#####......


You could see 2 wolves.

Vanquished Creatures
  A kobold demonologist (D:8)
  A porcupine (D:8)
  A sky beast (D:8)
  2 orc warriors (D:8)
  2 black bears
  An ogre (D:7)
  A phantom (D:8)
  A centaur (D:8)
  2 wolves (Lair:1)
  9 big kobolds
  2 bullfrogs (D:7)
  Blork the orc (D:4)
  5 scorpions
  5 wights (D:6)
  3 crimson imps
  2 bullfrog zombies
  2 hounds
  2 orc priests
  2 jellies
  3 bullfrog skeletons
  5 orc wizards
  2 worker ants
  A hound zombie (D:6)
  A hound skeleton (D:4)
  A howler monkey zombie (D:5)
  Robin (D:4)
  8 gnolls
  8 adders
  2 shadow imps
  2 worms (D:3)
  A dart slug (D:3)
  4 leopard geckos
  41 orcs
  A ball python (D:1)
  4 giant cockroaches
  24 goblins
  4 hobgoblins
  13 jackals
  2 quokkas
  8 bats
  3 frilled lizards
  A jackal zombie (D:7)
  20 kobolds
  2 leopard gecko skeletons
  5 rats
212 creatures vanquished.

Vanquished Creatures (others)
  A plant (D:4)
1 creature vanquished.

Grand Total: 213 creatures vanquished

Notes
Turn   | Place    | Note
-------+----------+-------------------------------------------
     0 | D:1      | ximkin the Troll Monk began the quest for the Orb.
     0 | D:1      | Reached XP level 1. HP: 22/22 MP: 0/0
    52 | D:1      | Found a snail-covered altar of Cheibriados.
   102 | D:1      | Reached XP level 2. HP: 29/29 MP: 1/1
   286 | D:1      | Reached skill level 4 in Unarmed Combat
   520 | D:2      | Reached XP level 3. HP: 36/36 MP: 2/2
   755 | D:2      | Found a white marble altar of Elyvilon.
   761 | D:2      | Found a burning altar of Makhleb.
  1213 | D:3      | Reached XP level 4. HP: 44/44 MP: 3/3
  1225 | D:3      | Reached skill level 5 in Unarmed Combat
  1693 | D:4      | Reached XP level 5. HP: 50/50 MP: 4/4
  1786 | D:4      | Reached skill level 6 in Unarmed Combat
  1868 | D:4      | Reached XP level 6. HP: 59/59 MP: 5/5
  1870 | D:4      | Noticed Blork the orc
  1888 | D:4      | Killed Blork the orc
  1888 | D:4      | Reached skill level 7 in Unarmed Combat
  2072 | D:4      | Reached XP level 7. HP: 66/66 MP: 6/6
  2154 | D:4      | Reached skill level 8 in Unarmed Combat
  2365 | D:4      | Noticed Robin
  2370 | D:4      | Killed Robin
  2853 | D:5      | Entered Level 5 of the Dungeon
  3115 | D:5      | Found a staircase to the Ecumenical Temple.
  3144 | Temple   | Entered the Ecumenical Temple
  3656 | D:6      | Reached skill level 9 in Unarmed Combat
  3785 | D:6      | Reached XP level 8. HP: 53/74 MP: 7/7
  3973 | D:6      | Found an ornate altar of the Wu Jian Council.
  3980 | D:6      | Became a worshipper of the Wu Jian Council
  3980 | D:6      | Reached * piety under Wu Jian
  3980 | D:6      | Reached ** piety under Wu Jian
  4385 | D:7      | Reached skill level 10 in Unarmed Combat
  4440 | D:7      | Found an ancient bone altar of Kikubaaqudgha.
  4440 | D:7      | Found an ornate altar of the Wu Jian Council.
  4445 | D:7      | Found a shattered altar of Ashenzari.
  4445 | D:7      | Found a blossoming altar of Fedhas.
  4564 | D:7      | Reached *** piety under Wu Jian
  4732 | D:7      | Reached XP level 9. HP: 23/80 MP: 8/8
  4926 | D:7      | Learned a level 1 spell: Flame Tongue
  5054 | D:8      | Reached skill level 5 in Dodging
  5156 | D:8      | Noticed a kobold demonologist
  5166 | D:8      | Killed a kobold demonologist
  5288 | D:8      | Reached **** piety under Wu Jian
  5309 | D:8      | Reached skill level 1 in Fire Magic
  5689 | D:8      | Found a staircase to the Lair.
  5915 | Lair:1   | Entered Level 1 of the Lair of Beasts
  5970 | Lair:1   | Slain by a wolf

Skill      XL: |  1  2  3  4  5  6  7  8  9 |
---------------+----------------------------+-----
Unarmed Combat | 4 5 6 7 9 10 | 10.7
Dodging        | 3 4 6 |  6.8
Stealth        | 2 3 |  3.5
Fire Magic     | 1 |  1.1
Fighting       | |  2.4
Conjurations   | |  0.6

Action                   |  1- 3 |  4- 6 |  7- 9 || total
-------------------------+-------+-------+-------++-------
Melee: Unarmed           |    94 |   120 |   333 ||   547
       Punch             |     1 |     3 |    14 ||    18
 Cast: Flame Tongue      |       |       |     3 ||     3
Invok: Lunge             |       |       |    20 ||    20
       Wall Jump         |       |       |     1 ||     1
       Whirlwind         |       |       |     7 ||     7
  Use: Scroll            |       |     7 |     5 ||    12
 Stab: Sleeping          |     1 |     2 |     5 ||     8
  Eat: Chunk             |    17 |     8 |    28 ||    53
       Ration            |       |       |     1 ||     1
Armor: Robe              |    28 |    33 |    76 ||   137
Dodge: Dodged            |    45 |    52 |   172 ||   269
